 Dungeon Crawl Stone Soup version 0.25.1-1-g288607f5aa (webtiles) character file.

Game seed: 16643222614302953125

4 Acheron the Digger (level 1, -3/11 HPs)
             Began as a Vine Stalker Wanderer on July 22, 2020.
             Slain by a gnoll
             ... wielding a +0 flail
              (7 damage)
             ... on level 3 of the Dungeon.
             The game lasted 00:01:51 (267 turns).

Acheron the Digger (Vine Stalker Wanderer)           Turns: 267, Time: 00:01:52

Health: -3/11      AC:  2    Str: 12    XL:     1   Next: 60%
Magic:  0/3        EV: 11    Int: 14    God:
Gold:   0          SH:  0    Dex: 13    Spells: 1/2 levels left

rFire    . . .     SeeInvis .   a - +0 dagger
rCold    . . .     Gourm    .   (no shield)
rNeg     . . .     Faith    .   d - +0 robe
rPois    .         Spirit   +   (no helmet)
rElec    .         Reflect  .   (no cloak)
rCorr    .         Harm     .   (no gloves)
MR       .....                  (no boots)
Stlth    ++........             (no amulet)
HPRegen  0.03/turn              (no ring)
MPRegen  0.08/turn              (no ring)

@: no status effects
A: fangs 2, magic shield, antimagic bite, no potion heal 3, rot immunity
a: no special abilities


You were on level 3 of the Dungeon.
You were not hungry.

You visited 1 branch of the dungeon, and saw 3 of its levels.

Inventory:

Hand Weapons
 a - a +0 dagger (weapon)
 e - a +0 dagger of draining
Armour
 d - a +0 robe (worn)
Scrolls
 c - 3 scrolls of teleportation
Comestibles
 b - 2 chunks of flesh
 f - a ration


   Skills:
 + Level 1.8 Fighting
 + Level 1.0 Throwing
 + Level 1.4 Stealth
 + Level 1.0 Unarmed Combat
 + Level 1.1 Spellcasting
   Level 1.0 Conjurations
 + Level 3.2 Earth Magic


You had one spell level left.
You knew the following spells:

 Your Spells              Type           Power        Failure   Level  Hunger
a - Sandblast             Erth           #.....       7%          1    ##.....

Your spell library contained the following spells:

 Spells                   Type           Power        Failure   Level  Hunger
 Passwall                 Tmut/Erth      #.......     21%         2    ###....
 Stone Arrow              Conj/Erth      #.....       32%         3    ####...
 Corpse Rot               Necr/Air       N/A          36%         2    ###....
 Swiftness                Chrm/Air       #.......     36%         2    ###....
 Petrify                  Tmut/Erth      #.......     80%         4    #####..
 Lee's Rapid Deconstruct  Erth           #.........   89%         5    ######.


Dungeon Overview and Level Annotations

Branches:
Dungeon (3/15)

Altars:


Innate Abilities, Weirdness & Mutations

You have extremely sharp teeth.
When hurt, damage is shared between your health and your magic reserves.
Your bite disrupts and absorbs the magic of your enemies.
Potions cannot restore your health.
You are immune to rotting.


Message History

There is a stone staircase leading down here.
The bat hits you.
You climb downwards.
You hear the sound of rushing water.
There is an entrance to a sewer on this level.
Hurry and find it before the portal rusts away!
A leopard gecko, a rat, 2 goblins and 4 gnolls come into view.
Found 30 gold pieces.
There is a stone staircase leading up here.
The helpless gnoll fails to defend itself.
You hit the gnoll. You bite the gnoll, but do no damage.
The gnoll is moderately wounded.
The goblin shouts!
The hobgoblin shouts!
The gnoll shouts! x2
The leopard gecko hisses angrily.
You hear a shout!
The bat closely misses you.
A hobgoblin comes into view. It is wielding a +0 club.
The gnoll hits you from afar with a +0 spear!
Ouch! That really hurt!
The gnoll hits you with a +0 flail!
Ouch! That really hurt!
You die...

###########
#....@..g.#
#....g...g#
#..l...g...#
#....g.b.r...
#............
#....g.......
#............
#.$.........g


You could see 4 gnolls, a leopard gecko, 2 hobgoblins, a goblin, a bat and a
rat.

Vanquished Creatures
  A leopard gecko (D:1)
  A bat (D:1)
  A goblin (D:1)
  A rat (D:1)
4 creatures vanquished.

Notes
Turn   | Place    | Note
-------+----------+-------------------------------------------
     0 | D:1      | Acheron the Vine Stalker Wanderer began the quest for the
                  | Orb.
     0 | D:1      | Acheron set off with the following items: a +0 dagger, a
                  | scroll of teleportation, a +0 robe, a ration; and the
                  | following spell memorised: Sandblast; and the following
                  | spells available to memorise: Passwall, Stone Arrow, Corpse
                  | Rot, Swiftness, Petrify, Lee's Rapid Deconstruction
     0 | D:1      | Reached XP level 1. HP: 11/11 MP: 3/3
   267 | D:3      | Slain by a gnoll

Illustrated notes

Levels and vault maps discovered:
D:1:      ldierk_walled_garden, layout_rooms
D:2:      layout_basic, overflow_temple_1_default
D:3:      layout_rooms, lightli_sewer_entry_pipes, nicolae_ru_awakened_eye,
          uniq_terence, uniq_grinder, uniq_robin

Action                   || total
-------------------------++-------
Melee: Dagger            ||    11
       Bite              ||     2
 Stab: Sleeping          ||     1
Armor: Robe              ||     2
Dodge: Dodged            ||     7
